 Dungeon Crawl Stone Soup version 0.29.1-2-gbd0b4ee654 (webtiles) character file.

Game seed: 13651829534110349767

9 hawla the Chiller (level 2, -1/20 HPs)
             Began as a Meteoran Ice Elementalist on Dec 1, 2022.
             Killed from afar by a dart slug (5 damage)
             ... with a slug dart
             ... on level 1 of the Dungeon.
             The game lasted 00:00:52 (88 turns).

hawla the Chiller (Meteoran Ice Elementalist)         Turns: 88, Time: 00:00:53

Health: -1/20      AC:  2    Str:  9    XL:     2   Next: 35%
Magic:  2/6        EV: 12    Int: 16    God:
Gold:   19         SH:  0    Dex: 14    Spells: 5/6 levels left

rFire   . . .      SeeInvis .   (no weapon)
rCold   . . .      Faith    .   (no shield)
rNeg    . . .      Spirit   .   a - +0 robe
rPois   .          Reflect  .   (no helmet)
rElec   .          Harm     .   (no cloak)
rCorr   .          Rampage  .   (no gloves)
Will    .....                   (no boots)
Stlth   +.........              (no amulet)
HPRegen 0.06/turn               (no ring)
MPRegen 0.10/turn               (no ring)

@: glowing
A: sense surroundings 1, otherworldly, glowing, explore regen
a: no special abilities


You were on level 1 of the Dungeon.
You visited 1 branch of the dungeon, and saw 1 of its levels.

You collected 19 gold pieces.

Inventory:

Armour
 a - a +0 robe (worn)


   Skills:
 + Level 2.5 Dodging
 - Level 1.4 Stealth
 + Level 2.8 Spellcasting
 + Level 4.8 Ice Magic


You had 5 spell levels left.
You knew the following spells:

 Your Spells              Type           Power      Damage    Failure   Level
a - Freeze                Ice            68%        1d8       2%          1

Your spell library contained the following spells:

 Spells                   Type           Power      Damage    Failure   Level
 Frozen Ramparts          Ice            34%        1d6       8%          3
 Ozocubu's Armour         Ice            17%        N/A       8%          3
 Hailstorm                Conj/Ice       9%         3d4       56%         4


Dungeon Overview and Level Annotations

Branches:
Dungeon (1/15) Zot: 511

Altars:


Innate Abilities, Weirdness & Mutations

You passively map a small area around you.
You are easily found by Zot.
You glow in the dark.
You regain HP and MP as you explore.


Message History

You freeze the ball python.
You kill the ball python!
Unknown command.
Casting: Freeze (safe; 2% risk of failure)
Confirm with . or Enter, or press ? or * to list all spells.
Aiming: Freeze (safe; 2% risk of failure)
Press: ? - help, Shift-Dir - straight line, f - kobold
Aim: a kobold, wielding a +0 whip You freeze the kobold!
You kill the kobold!
Unknown command.
Casting: Freeze (safe; 2% risk of failure)
Confirm with . or Enter, or press ? or * to list all spells.
Aiming: Freeze (safe; 2% risk of failure)
Press: ? - help, Shift-Dir - straight line, f - kobold
Aim: a kobold, wielding a +0 dagger and quivering stones You freeze the kobold.
You kill the kobold!
Unknown command.
Casting: Freeze (safe; 2% risk of failure)
Confirm with . or Enter, or press ? or * to list all spells.
Aiming: Freeze (safe; 2% risk of failure)
Press: ? - help, Shift-Dir - straight line, f - goblin
Aim: a goblin, wielding a +0 club You freeze the goblin!
You kill the goblin!
There is an open door, spattered with blood here.
Items here: ( )))) ††.
A dart slug comes into view.
The dart slug launches a dart at you. The slug dart hits you.
* * * LOW HITPOINT WARNING * * *
A rat comes into view.
The dart slug briefly extends its eye-stalks.
The dart slug launches a dart at you. The slug dart hits you.
* * * LOW HITPOINT WARNING * * *
The dart slug launches a dart at you. The slug dart hits you.
You die...

..##.......##..##
...#########...# ,...
#....#####....## ....
#...........## #.... *
#.......### *#..... *
*####.########...... *
..#####)#####.........
,
.........).......r...#
,......#.......@w..#...
,,
#####..............?..
, ###..........#.... ,
, #..........#,... , ,
#.......$..# . ,
#.......)..# ,,
#............. ,
#.......(.###...
#.........#* ,..


You could see a dart slug and a rat.

Vanquished Creatures
  2 ball pythons (D:1)
  A goblin (D:1)
  5 kobolds (D:1)
8 creatures vanquished.

Notes
Turn   | Place    | Note
-------+----------+-------------------------------------------
     0 | D:1      | hawla the Meteoran Ice Elementalist began the quest for the
                  | Orb.
     0 | D:1      | Reached XP level 1. HP: 14/14 MP: 5/5
    75 | D:1      | Reached XP level 2. HP: 5/20 MP: 1/6
    88 | D:1      | Killed from afar by a dart slug

Illustrated notes

Levels and vault maps discovered:
D:1:      dpeg_arrival_concentric_ovals, layout_basic,
          chequers_ecumenical_altar_island, chequers_arboretum,
          minmay_split_cup_small

Action                   || total
-------------------------++-------
 Cast: Freeze            ||    10
  Use: Potion            ||     1
Armor: Robe              ||     6
Dodge: Dodged            ||     7
